cohdb
Replays
Latest Replays
All Replays
Popular Replays
Top Player Replays
Match Explorer
How It Works
Community
CoH3 Stats
Reddit
Sign in to upload your games and track your stats! →
Sign in with Steam
Match 41302835
Unlisted
Match 41302835
Overview
Messages
Build Orders
End
Kettenkrad Recon Vehicle
Construct Infanterie Kompanie
Selects Terror Battlegroup
MG 42 Machine Gun Team
MG 42 Machine Gun Team
Grenadier Squad
Pioneer Squad
Selects Machine Gun Camouflage
Infanterie Officer Quarters
Grenadier Squad
Selects Interrogate
Construct Luftwaffe Kompanie
Grenadier Squad
Jäger Squad
Luftwaffe Officer Quarters
221 Scout Car
Pioneer Squad
Flak 30 Anti-aircraft Gun Team
Construct Panzer Kompanie
Pioneer Squad
Phoenix
Lolloiseba
joseballen
HiddenJoker
STALKER4732
SoyaLors
Cmplord
Bold Taste
0
0
Comments
sign in to comment!
No comments posted yet!